AoeStats
← AoM92

Black Forest

509923199Analyzed
4v4 RM · 3d ago on Sep 28, 2026· 51m 0s· 8 players
Game mode
Random Map
Map size
Large (8 player)
Population
200
Speed
Normal
Resources
Standard
Victory
Conquest
Starting age
Dark Age
Ending age
Imperial Age
RankedLock teamsTeams togetherTeam positionsShared explorationLock speedFull tech treeHidden civsTurbo modeCheats
Victory
Defeat
🇹🇷 Mongols · Türkiye
1363
+16
🇹🇷 Poles · Türkiye
1353
+16
🇹🇷 Goths · Türkiye
1309
+18
🇹🇷 Persians · Türkiye
1281
+19
🇭🇺 Franks · Hungary
1377
-18
🇮🇳 Spanish · India
1363
-18
🇩🇪 Bohemians · Germany
1337
-17
🇹🇷 Mongols · Türkiye
1329
-16
Szorinx
0:26 Loom
12:15 Feudal Age
16:38 Castle Age
22:14 Town Watch
24:39 Double-Bit Axe
31:29 Imperial Age
29:54 Wheelbarrow
29:02 Horse Collar
29:41 Bow Saw
30:06 Scale Mail Armor
30:25 Forging
31:25 Hand Cart
31:11 Town Patrol
30:35 Pikeman
31:21 Squires
33:51 Chemistry
34:02 Fortified Wall
33:57 Halberdier
34:54 Chain Mail Armor
35:14 Iron Casting
35:01 Conscription
35:37 Masonry
36:09 Siege Engineers
37:10 Two-Man Saw
38:41 Plate Mail Armor
39:11 Blast Furnace
37:35 Houfnice
41:41 Architecture
47:43 Fletching
47:53 Padded Archer Armor
47:18 Elite Skirmisher
49:02 Bodkin Arrow
49:22 Leather Archer Armor
49:39 Ballistics
AoM92
2:06 Loom
11:27 Feudal Age
15:35 Castle Age
14:06 Double-Bit Axe
16:31 Bow Saw
22:06 Wheelbarrow
24:02 Loom
27:54 Imperial Age
25:55 Hand Cart
26:56 Scale Barding Armor
26:40 Town Watch
27:11 Forging
27:55 Husbandry
28:17 Chain Barding Armor
29:10 Iron Casting
28:26 Cavalier
30:31 Gold Mining
30:32 Stone Mining
30:56 Caravan
31:48 Paladin
33:30 Blast Furnace
33:06 Plate Barding Armor
33:07 Conscription
34:41 Hoardings
34:37 Fletching
39:36 Chemistry
38:32 Murder Holes
40:02 Bodkin Arrow
40:38 Coinage
Nghtly
3:01 Loom
12:18 Feudal Age
13:11 Feudal Age
16:16 Double-Bit Axe
21:05 Castle Age
27:30 Husbandry
27:36 Padded Archer Armor
31:30 Imperial Age
29:37 Wheelbarrow
28:47 Town Watch
29:16 Fletching
29:24 Gold Mining
30:24 Ballistics
30:12 Stone Mining
30:57 Gold Shaft Mining
30:13 Horse Collar
30:29 Fishing Lines
30:39 Town Watch
32:05 Bodkin Arrow
32:25 Leather Archer Armor
32:29 Thumb Ring
32:51 Bracer
33:22 Drill
33:45 Conscription
34:00 Parthian Tactics
33:58 Bloodlines
34:18 Heavy Scorpion
36:15 Chemistry
36:01 Siege Engineers
36:47 Elite Mangudai
38:30 Hand Cart
38:17 Town Patrol
39:17 Light Cavalry
41:45 Hussar
42:40 Forging
42:35 Scale Barding Armor
43:36 Chain Barding Armor
43:33 Bow Saw
45:48 Iron Casting
48:43 Blast Furnace
47:53 Caravan
snek_fan
0:50 Loom
12:23 Feudal Age
16:17 Castle Age
15:05 Double-Bit Axe
17:24 Horse Collar
24:40 Wheelbarrow
25:09 Bow Saw
26:45 Hand Cart
26:44 Gold Mining
30:53 Imperial Age
29:03 Fletching
29:15 Padded Archer Armor
29:27 Fortified Wall
29:27 Masonry
29:39 Ballistics
29:42 Heavy Plow
29:49 Town Watch
30:32 Caravan
31:34 Leather Archer Armor
31:14 Bodkin Arrow
32:51 Chemistry
32:42 Bloodlines
32:33 Husbandry
33:25 Hoardings
33:12 Conscription
34:14 Town Patrol
34:18 Stone Mining
34:59 Elite Conquistador
36:31 Architecture
36:01 Bodkin Arrow
45:07 Ring Archer Armor
48:30 Supremacy
Deve Tuncay
10:06 Feudal Age
15:25 Castle Age
14:11 Double-Bit Axe
14:18 Horse Collar
20:31 Bow Saw
21:07 Heavy Plow
23:15 Wheelbarrow
24:33 Gold Mining
25:19 Hand Cart
28:46 Imperial Age
28:52 Imperial Age
27:55 Husbandry
28:05 Bloodlines
28:54 Gold Shaft Mining
28:30 Cavalier
30:41 Two-Man Saw
30:13 Crop Rotation
30:06 Savar
31:01 Scale Barding Armor
31:51 Forging
32:05 Stone Mining
32:51 Chain Barding Armor
33:08 Iron Casting
34:20 Plate Barding Armor
34:26 Caravan
36:04 Blast Furnace
perekli
12:15 Feudal Age
14:13 Double-Bit Axe
16:55 Castle Age
15:13 Horse Collar
15:49 Loom
16:45 Gold Mining
18:30 Bow Saw
19:00 Wheelbarrow
22:56 Heavy Plow
24:44 Stone Mining
26:43 Stone Shaft Mining
29:38 Imperial Age
27:26 Scale Mail Armor
27:37 Forging
27:41 Masonry
27:14 Treadmill Crane
27:44 Masonry
28:15 Hand Cart
28:29 Chain Mail Armor
29:35 Iron Casting
29:19 Murder Holes
30:20 Squires
29:40 Pikeman
30:22 Anarchy
30:31 Fletching
31:15 Conscription
30:41 Halberdier
32:43 Two-Man Saw
32:52 Blast Furnace
32:19 Town Watch
32:35 Bodkin Arrow
32:34 Elite Huskarl
33:41 Ballistics
35:49 Chemistry
35:20 Architecture
36:54 Perfusion
38:47 Scale Barding Armor
38:43 Bracer
40:23 Chain Barding Armor
41:20 Elite Skirmisher
44:40 Town Patrol
45:12 Sappers
46:17 Capped Ram
MELKOR
10:25 Feudal Age
10:38 Feudal Age
14:09 Castle Age
12:50 Double-Bit Axe
15:02 Bow Saw
14:33 Horse Collar
19:05 Heavy Plow
24:05 Wheelbarrow
23:52 Gold Mining
26:06 Hand Cart
26:34 Gold Shaft Mining
25:49 Stone Mining
28:46 Imperial Age
27:07 Stone Shaft Mining
27:41 Ballistics
28:22 Fletching
28:33 Padded Archer Armor
29:02 Loom
28:53 Capped Ram
29:12 Elite Mangudai
30:42 Siege Ram
31:47 Bodkin Arrow
32:37 Conscription
33:08 Drill
33:32 Bracer
33:48 Leather Archer Armor
35:58 Husbandry
36:09 Bloodlines
37:10 Chemistry
41:59 Thumb Ring
42:20 Parthian Tactics
LongHairedBaldMan
2:26 Loom
11:31 Feudal Age
15:34 Castle Age
14:53 Horse Collar
14:58 Double-Bit Axe
21:23 Heavy Plow
25:23 Gold Mining
25:25 Stone Mining
28:06 Imperial Age
25:49 Bow Saw
25:53 Treadmill Crane
27:00 Wheelbarrow
26:10 Town Watch
27:08 Stone Shaft Mining
27:52 Light Cavalry
28:43 Bloodlines
28:34 Husbandry
28:46 Scale Barding Armor
29:53 Chemistry
28:25 Capped Ram
29:44 Crop Rotation
29:33 Hand Cart
30:00 Lechitic Legacy
30:34 Conscription
30:09 Winged Hussar
31:09 Forging
30:54 Siege Ram
32:53 Iron Casting
33:33 Chain Barding Armor
33:37 Elite Obuch
35:47 Blast Furnace
34:48 Scale Mail Armor
39:47 Masonry
39:44 Siege Engineers
41:32 Fletching
41:58 Chain Mail Armor
42:35 Bodkin Arrow
52:04 Plate Mail Armor
Connection lost

Rejoining the realm…

Still unreachable

The connection could not be restored.

Session expired

The server has moved on; the page needs a fresh start.